 Dungeon Crawl Stone Soup version 0.25-a0-102-gbfa96ce22d (webtiles) character file.

Game seed: 178873258412019138, levelgen mode: classic

2412 EnegeticOcto the Cudgeler (level 9, 0/61 HPs)
             Began as an Octopode Necromancer on Nov 15, 2019.
             Was a Priest of Nemelex Xobeh.
             Killed by a card of wild magic (16 damage)
             ... on level 7 of the Dungeon.
             The game lasted 00:24:25 (9206 turns).

EnegeticOcto the Cudgeler (Octopode Necromancer)    Turns: 9206, Time: 00:24:26

Health: 0/61       AC:  1    Str:  8    XL:     9   Next: 47%
Magic:  12/12      EV: 15    Int: 18    God:    Nemelex Xobeh [***...]
Gold:   289        SH: 10    Dex: 14    Spells: 0/12 levels left

rFire    . . .     SeeInvis .   u - +3 morningstar (venom)
rCold    . . .     Gourm    .   c - +1 shield
rNeg     . . .     Faith    .   (helmet restricted)
rPois    .         Spirit   .   f - amulet of the acrobat
rElec    .         Reflect  .   l - +3 ring of evasion
rCorr    .         Harm     .   (no ring)
MR       .....                  (no ring)
Stlth    ++++......             (no ring)
HPRegen  0.20/turn              (no ring)
MPRegen  0.13/turn              (no ring)
                                (no ring)
                                (no ring)

@: no status effects
A: almost no armour, stealthy swim, amphibious, 8 rings, constrict 8, camouflage
1, gelatinous body 1
a: Draw Escape, Draw Destruction, Draw Summoning, Triple Draw, Renounce Religion


You were on level 7 of the Dungeon.
You worshipped Nemelex Xobeh.
Nemelex Xobeh was most pleased with you.
You were hungry.

You visited 1 branch of the dungeon, and saw 7 of its levels.

You collected 289 gold pieces.

Inventory:

Hand Weapons
 b - a +1 dagger of flaming
 u - a +3 morningstar of venom (weapon)
 v - a +0 trident
 x - a +1 antimagic war axe
 D - a +1 whip of freezing
Missiles
 d - 47 arrows
 s - a throwing net {!f}
 B - 41 poisoned darts (quivered)
Armour
 c - a +1 shield (worn)
Jewellery
 f - an amulet of the acrobat (around mantle)
 l - a +3 ring of evasion (left tentacle)
Wands
 r - a wand of iceblast (14)
 C - a wand of random effects (17)
Scrolls
 g - 7 scrolls of remove curse {@r2}
 i - 3 scrolls of enchant armour
 j - a scroll of teleportation {@r3 !r}
 n - 3 scrolls of fear {!r}
 o - 2 scrolls of enchant weapon
Potions
 a - 2 potions of agility {@q5 !q}
 h - 3 potions of heal wounds {unknown}
 k - a potion of invisibility {unknown}
 m - 2 potions of lignification {unknown}
 q - 2 potions of flight
 t - a potion of might {unknown}
 w - a potion of magic {unknown}
 z - a potion of curing {unknown}
Comestibles
 e - 7 rations
 p - 6 chunks of flesh


   Skills:
 + Level 5.3 Fighting
 * Level 7.1 Maces & Flails
 + Level 2.7 Dodging
 - Level 5.0 Stealth
 + Level 5.6 Shields
 + Level 2.0 Spellcasting
 - Level 4.8 Necromancy
 - Level 1.1 Transmutations
 + Level 3.8 Invocations


You couldn't memorise any spells.
You knew the following spells:

 Your Spells              Type           Power        Failure   Level  Hunger
a - Pain                  Necr           ###.         9%          1    #......
b - Animate Skeleton      Necr           N/A          9%          1    #......
c - Vampiric Draining     Necr           ###.......   24%         3    ###....
j - Sticks to Snakes      Tmut           #.......     50%         2    ###....
T - Regeneration          Chrm/Necr      ##........   54%         3    ###....
Y - Blink                 Tloc           N/A          65%         2    ###....

Your spell library contained the following spells:

 Spells                   Type           Power        Failure   Level  Hunger
 Beastly Appendage        Tmut           #.....       36%         1    #......
 Corona                   Hex            #......      52%         1    #......
 Magic Dart               Conj           #...         52%         1    #......
 Animate Dead             Necr           N/A          63%         4    #####..
 Call Imp                 Summ           #.......     65%         2    ###....
 Ensorcelled Hibernation  Hex/Ice        #.....       65%         2    ###....
 Slow                     Hex            #.......     65%         2    ###....
 Spider Form              Tmut/Pois      #.........   80%         3    ###....
 Confuse                  Hex            #.......     87%         3    ###....
 Conjure Flame            Conj/Fire      #.......     87%         3    ###....
 Dazzling Spray           Conj/Hex       #.....       87%         3    ###....
 Mephitic Cloud           Conj/Pois/Air  #.......     87%         3    ###....
 Tukima's Dance           Hex            #.......     87%         3    ###....
 Ice Form                 Ice/Tmut       #.......     99%         4    #####..
 Blade Hands              Tmut           #.........   100%        5    ######.


Dungeon Overview and Level Annotations

Branches:
Dungeon (7/15)             Temple (0/1) D:5

Altars:
Cheibriados
Dithmenos
Elyvilon
Gozag
Kikubaaqudgha
Nemelex Xobeh
Sif Muna
Trog
Vehumet
Wu Jian

Annotations:
D:5 Eustachio


Innate Abilities, Weirdness & Mutations

You cannot wear most types of armour.
You are very stealthy in the water. (Stealth+)
You are amphibious.
You can wear up to eight rings at the same time.
You can use your tentacles to constrict eight enemies at once.
Your skin changes colour to match your surroundings (Stealth+).
Your rubbery body absorbs attacks. (AC +1, EV +1)


Message History

You see here a +0 hand axe.
An orc comes into view. It is wielding a +0 flail of crushing.
You closely miss the orc. Your grab misses the orc. You block the orc's attack.
You hit the orc.
The orc is poisoned.
Your grab misses the orc.
The orc is severely wounded.
You kill the orc!
You hit the orc.
The orc is poisoned.
You grab the orc. You squeeze the orc.
You kill the orc!
You hit the orc.
The orc is poisoned.
Your grab misses the orc.
The orc is severely wounded.
You kill the orc!
The orc completely misses you.
Items here: )) [[ †† You closely miss the orc.
You grab the orc. You squeeze the orc.
The orc is heavily wounded.
You constrict the orc. You block the orc's attack.
You hit the orc but do no damage.
The orc is poisoned.
You squeeze the orc, but do no damage.
The orc is heavily wounded.
You constrict the orc.
You kill the orc!
No target in view!
B - 44 poisoned darts (gained 1)
You now have 289 gold pieces (gained 16).
Things that are here:
a +0 flail of crushing; a +0 leather armour You butcher the orc corpse.
p - 5 chunks of flesh (gained 4)
You butcher the orc corpse.
p - 7 chunks of flesh (gained 2)
Items here: )) [[ ÷÷ x2
Things that are here:
a +0 flail of crushing; a +0 leather armour
There is a stone staircase leading down here.
Some of the chunks of flesh in your inventory have rotted away.
The ice beast is too close now for your liking.
Throwing (i - inventory. (/) - cycle)
B - 44 poisoned darts (quivered)
Press: ? - help, Shift-Dir - straight line, f - ice beast
Aim: an ice beast (hasn't noticed you)
You throw a poisoned dart.
The poisoned dart closely misses the ice beast.
Throwing (i - inventory. (/) - cycle)
B - 43 poisoned darts (quivered)
Press: ? - help, Shift-Dir - straight line, f/p - ice beast
Aim: an ice beast You throw a poisoned dart.
The poisoned dart hits the ice beast.
Throwing (i - inventory. (/) - cycle)
B - 42 poisoned darts (quivered)
Press: ? - help, Shift-Dir - straight line, f/p - ice beast
Aim: an ice beast You throw a poisoned dart.
The poisoned dart hits the ice beast.
You thump the ice beast!
The ice beast is heavily wounded.
The ice beast hits you. The ice beast freezes you!
You hit the ice beast.
The ice beast is severely wounded.
The ice beast closely misses you.
You closely miss the ice beast.
The ice beast is severely wounded.
The ice beast closely misses you.
You barely miss the ice beast.
The ice beast is severely wounded.
You block the ice beast's attack.
You barely miss the ice beast.
The ice beast is severely wounded.
You block the ice beast's attack.
You closely miss the ice beast.
The ice beast is severely wounded.
You block the ice beast's attack. The ice beast closely misses you.
You hit the ice beast.
The ice beast is severely wounded.
You are feeling hungry.
The ice beast barely misses you.
You closely miss the ice beast.
The ice beast is severely wounded.
The ice beast misses you.
You closely miss the ice beast.
The ice beast is severely wounded.
The ice beast hits you. The ice beast freezes you!
You hit the ice beast. Your squeeze misses the ice beast.
The ice beast is almost dead.
The ice beast hits you. The ice beast freezes you!
You are too injured to fight recklessly!
You are too injured to fight recklessly!
You barely miss the ice beast.
The ice beast is almost dead.
The ice beast misses you. The ice beast hits you. The ice beast freezes you.
* * * LOW HITPOINT WARNING * * *
Evoke which item? (* to show all) (? for menu, Esc to quit)
Okay, then.
You draw a card...
You have drawn the Orb.
Press: ? - help, Shift-Dir - straight line, f/p - ice beast
Aim: an ice beast (almost dead)
The orb of energy misses the ice beast.
The ice beast closely misses you.
You draw a card...
You have drawn Wild Magic.
The ice beast is caught in an explosion of flying shrapnel!
The explosion engulfs the ice beast!
You kill the ice beast!
The explosion engulfs you!
You die...
Your body glows slightly and disappears.

#.########.#.#..#.#.#..#...#,,,*,
.....................>##.≈.#,,,,,
#.###.##*#.#'#.........#...##****
#.# #.# #......#.#..(.≈.≈.≈#
#.###.####..)...........≈.≈.#
#(.())..(.......)>.(##......#
#####(####..........######### #
#.# #...#.......# ## #.#
#...#..@....# .# #.#
###.##......###
.####.######.##........#
.......................#
).###.######.#.........# ..# #.#
#.#.#.......# ..###.#
#.#.#.......# ...##.#
#.#.#.......# .#.##.#
#.#.#.......#


There were no monsters in sight!

Vanquished Creatures
  Pikel (D:5)
  3 ice beasts
  A phantom (D:6)
  3 ogres
  A slave (D:5)
  A big kobold (D:7)
  3 bullfrogs (D:7)
  A gnoll sergeant (D:7)
  2 scorpions
  4 crimson imps
  3 jellies
  A quasit (D:6)
  2 hounds
  3 orc priests
  3 orc wizards
  A bullfrog skeleton (D:5)
  4 worker ants
  3 worker ant zombies
  8 gnolls
  11 adders
  A shadow imp (D:6)
  3 worms (D:4)
  5 dart slugs (D:1)
  2 leopard geckos (D:1)
  19 orcs
  5 ball pythons
  4 bats
  7 giant cockroaches
  5 goblins
  5 hobgoblins
  5 jackals (D:1)
  14 kobolds
  A quokka (D:6)
  8 frilled lizards
  A jackal zombie (D:5)
  12 rats
156 creatures vanquished.

Vanquished Creatures (collateral kills)
  An adder (D:1)
  A dart slug (D:1)
  An orc (D:6)
  3 bats (D:1)
  A jackal (D:1)
7 creatures vanquished.

Vanquished Creatures (others)
  A slave (D:5)
1 creature vanquished.

Grand Total: 164 creatures vanquished

Notes
Turn   | Place    | Note
-------+----------+-------------------------------------------
     0 | D:1      | EnegeticOcto the Octopode Necromancer began the quest for
                  | the Orb.
     0 | D:1      | Reached XP level 1. HP: 11/11 MP: 3/3
   110 | D:1      | Learned a level 1 spell: Animate Skeleton
   159 | D:1      | Reached XP level 2. HP: 8/17 MP: 0/5
   656 | D:1      | Reached XP level 3. HP: 15/21 MP: 2/6
   661 | D:1      | Learned a level 3 spell: Vampiric Draining
   810 | D:1      | Reached skill level 5 in Stealth
  1305 | D:1      | Reached XP level 4. HP: 15/27 MP: 0/7
  1960 | D:2      | Reached skill level 1 in Fighting
  1968 | D:2      | Reached skill level 1 in Shields
  2094 | D:2      | Reached XP level 5. HP: 25/33 MP: 1/8
  2233 | D:2      | You fall into a shaft and drop 2 floors!
  2362 | D:3      | Found a faded altar of an unknown god.
  2372 | D:3      | Became a worshipper of Nemelex Xobeh the Trickster
  2372 | D:3      | Received a gift from Nemelex Xobeh
  2372 | D:3      | Reached * piety under Nemelex Xobeh
  2972 | D:3      | Received a gift from Nemelex Xobeh
  3323 | D:3      | Found an ornate altar of the Wu Jian Council.
  3577 | D:4      | Reached skill level 1 in Maces & Flails
  3577 | D:4      | Reached XP level 6. HP: 40/41 MP: 9/9
  3760 | D:4      | Found a shadowy altar of Dithmenos.
  3760 | D:4      | Found an opulent altar of Gozag.
  3760 | D:4      | Found a sparkling altar of Nemelex Xobeh.
  3760 | D:4      | Found a shimmering blue altar of Sif Muna.
  3767 | D:4      | Found a snail-covered altar of Cheibriados.
  3771 | D:4      | Found a white marble altar of Elyvilon.
  3773 | D:4      | Reached ** piety under Nemelex Xobeh
  4281 | D:5      | Entered Level 5 of the Dungeon
  4281 | D:5      | Noticed Eustachio
  4281 | D:5      | Noticed Pikel
  4281 | D:5      | Noticed a slave
  4281 | D:5      | Noticed a slave
  4281 | D:5      | Noticed a slave
  4282 | D:5      | Noticed a slave
  4325 | D:5      | Received a gift from Nemelex Xobeh
  4327 | D:5      | Noticed an ice beast
  4408 | D:5      | Reached skill level 2 in Maces & Flails
  4972 | D:5      | Reached XP level 7. HP: 46/46 MP: 8/10
  4996 | D:5      | Reached skill level 3 in Maces & Flails
  4996 | D:5      | Reached skill level 1 in Invocations
  5121 | D:5      | Found a staircase to the Ecumenical Temple.
  5562 | D:5      | Killed Pikel
  5562 | D:5      | Reached skill level 5 in Maces & Flails
  5562 | D:5      | Reached XP level 8. HP: 25/54 MP: 2/11
  5791 | D:5      | Found a radiant altar of Vehumet.
  5997 | D:5      | Received a gift from Nemelex Xobeh
  6018 | D:5      | Found a bloodstained altar of Trog.
  6980 | D:6      | Learned a level 3 spell: Regeneration
  7171 | D:6      | Reached skill level 6 in Maces & Flails
  7481 | D:6      | Reached skill level 5 in Shields
  7705 | D:2      | Learned a level 2 spell: Sticks to Snakes
  7852 | D:6      | Found an ancient bone altar of Kikubaaqudgha.
  7866 | D:6      | Reached *** piety under Nemelex Xobeh
  7879 | D:6      | Reached skill level 5 in Fighting
  7894 | D:6      | Reached XP level 9. HP: 60/61 MP: 12/12
  8429 | D:7      | Reached skill level 1 in Transmutations
  8532 | D:7      | Received a gift from Nemelex Xobeh
  8835 | D:7      | Reached skill level 7 in Maces & Flails
  9074 | D:7      | Learned a level 2 spell: Blink
  9206 | D:7      | Killed by a card of wild magic

Levels and vault maps discovered:
D:1:      minmay_arrival_widening_spiral_wide, layout_rooms
D:2:      layout_basic
D:3:      layout_loops_ring, lemuel_coloured_pillars_altar,
          chequers_ecumenical_altar_island, corexii_corridor_pit
D:4:      layout_basic, minmay_overflow_temple_hex, first_ration,
          cheibrodos_sewer_entry_drain
D:5:      layout_loops_cross, kennysheep_mini_moat, lightli_temple_of_fire,
          minmay_temple_entry_wispy, uniq_eustachio, uniq_pikel
D:6:      cheibrodos_helix_gallery, layout_basic, kennysheep_mini
D:7:      layout_basic, nicolae_ru_path_of_blood, the_bakery,
          minmay_misc_feat_ornament

Skill      XL: |  1  2  3  4  5  6  7  8  9 |
---------------+----------------------------+-----
Stealth        | 4 5 |  5.0
Fighting       | 1 2 3 4 5 |  5.3
Shields        | 1 2 3 4 5 |  5.6
Maces & Flails | 1 2 5 6 7 |  7.1
Invocations    | 3 |  3.8
Transmutations | 1 |  1.1
Dodging        | |  2.7
Spellcasting   | |  2.0
Necromancy     | |  4.8

Action                   |  1- 3 |  4- 6 |  7- 9 || total
-------------------------+-------+-------+-------++-------
Melee: Tentacles         |    12 |    13 |    34 ||    59
       Constrict         |    18 |    20 |    44 ||    82
       Unarmed           |     4 |       |       ||     4
       Dagger            |    57 |    96 |    28 ||   181
       Morningstar       |       |       |   149 ||   149
       Whip              |       |       |    13 ||    13
Throw: Dart              |       |       |    41 ||    41
 Cast: Pain              |    20 |    56 |    20 ||    96
       Animate Skeleton  |    13 |     1 |     2 ||    16
       Vampiric Draining |     3 |     1 |       ||     4
 Abil: Draw Destruction  |       |     5 |     5 ||    10
       Draw Summoning    |       |       |     2 ||     2
Evoke: Wand              |       |       |     2 ||     2
  Use: Scroll            |       |     2 |     8 ||    10
       Potion            |       |     1 |       ||     1
 Stab: Sleeping          |     5 |     9 |     4 ||    18
       Distracted        |       |       |     1 ||     1
  Eat: Chunk             |     2 |     7 |     5 ||    14
       Ration            |       |     2 |     2 ||     4
Armor: Skin              |    13 |       |     5 ||    18
Dodge: Dodged            |    57 |    52 |    89 ||   198
Block: Shield            |       |     8 |    61 ||    69

Table legend:
 A = Non-vault XP
 B = Vault XP
 C = Vault XP percentage of total XP
 D = Non-vault monster count
 E = Vault monster count
 F = Vault count percentage of total count
                 A         B        C        D         E       F
            +---------+---------+-------+---------+---------+-------
      Total |    2626 |     821 |  23.8 |     156 |       6 |   3.7
            +---------+---------+-------+---------+---------+-------
        D:1 |      87 |       0 |   0.0 |      39 |       0 |   0.0
        D:2 |      90 |       0 |   0.0 |      27 |       0 |   0.0
        D:3 |      88 |       0 |   0.0 |      17 |       0 |   0.0
        D:4 |     181 |       8 |   4.2 |      12 |       3 |  20.0
        D:5 |     748 |     641 |  46.1 |      17 |       1 |   5.6
        D:6 |     452 |     172 |  27.6 |      15 |       2 |  11.8
        D:7 |     980 |       0 |   0.0 |      29 |       0 |   0.0
            +---------+---------+-------+---------+---------+-------
